Connexion

WINNIPEG Jets vs COLORADO Avalanche (R2)

Created - 25 janvier 2024 at 05:51

Goals
1 2 3 T
WINNIPEG Jets 2 2 0 4
COLORADO Avalanche 3 0 0 3
Shots
1 2 3 T
WINNIPEG Jets 14 11 4 29
COLORADO Avalanche 13 7 4 24

GoalsPenalties
1st period
1. WINNIPEG Jets , Dmitrij Jaskin 25 (Ethan Bear 34, Sam Bennett 19) at 0:20
2. WINNIPEG Jets , Noah Cates 15 (Dawson Mercer 31, Andreas Athanasiou 30) at 0:32
3. COLORADO Avalanche , Martin Frk 7 (Philip Tomasino 12, Brenden Dillon 15) at 1:03
4. COLORADO Avalanche , Philip Tomasino 11 (Jeff Petry 30, Oliver Kylington 32) at 5:51
5. COLORADO Avalanche , Maxime Comtois 5 (Martin Frk 14, Philip Tomasino 13) at 13:43
Nikita Zadorov (WPG) for Holding (Minor) at 1:51
Ethan Bear (WPG) for Roughing (Minor) at 7:33
Dmitrij Jaskin (WPG) for Hooking (Minor) at 11:16
Jeff Petry (COL) for High sticking (Minor) at 15:16
Brenden Dillon (COL) for Tripping (Minor) at 15:19
2nd period
6. WINNIPEG Jets , Sam Bennett 16 (Kevin Hayes 26, Nick Leddy 39) at 7:51
7. WINNIPEG Jets , Andreas Athanasiou 22 (Noah Cates 19, Colton White 16) at 8:29
Nick Perbix (WPG) for Tripping (Minor) at 4:00
Maxime Comtois (COL) for Holding (Minor) at 18:37
3rd period
No Goal
Brenden Dillon (COL) for Tripping (Minor) at 4:18
Noah Cates (WPG) for Cross-checking (Minor) at 7:29
Nikita Zadorov (WPG) for Holding (Minor) at 8:53
Eeli Tolvanen (WPG) for Delaying the game (Minor) at 12:50
Nikita Zadorov (WPG) for Tripping (Minor) at 18:05
Dmitrij Jaskin (WPG) for High sticking (Minor) at 18:38
Goalie Stats
Ukko-Pekka Luukkonen (WPG), 21 saves from 24 shots - (0,875), W, 24-16-3, 60:00 minutes
Braden Holtby (COL), 25 saves from 29 shots - (0,862), L, 27-24-3, 59:03 minutes
3 StarsOfficial
1 - Philip Tomasino (COL)
2 - Andreas Athanasiou (WPG)
3 - Martin Frk (COL)
Referees : Greg Kimmerly and Mike Leggo
Linesman : Scott Driscoll and Thor Nelson
Game Note
No Game Note
Finance
Level 1 -- Attendance: 5868 (97,80%) -- Ticket Income $586,800
Level 2 -- Attendance: 5007 (100,00%) -- Ticket Income $400,560
Level 3 -- Attendance: 1447 (72,35%) -- Ticket Income $101,290
Level 4 -- Attendance: 3249 (81,23%) -- Ticket Income $129,960
Luxury Box -- Attendance: 483 (48,30%) -- Ticket Income $241,500
Game was played at the Pepsi Center.
Total Attendance: 16054 (89,15%)
Total Ticket Income: $1,460,110
Other Income: $292,022
Total Income: $1,752,132



Team Name Goals Shots Shots Attemp Shots Blocked PIM HIT PP PK FO%
WINNIPEG Jets 42956618220 / 4 (0%)047%
COLORADO Avalanche 3245468140 / 9 (0%)053%

WINNIPEG Jets
Player Name POS G A P +/- PIM HIT SHT SB MP PP MP PP SHT PK MP PK SHT FO% FOT
Alexei ToropchenkoRW000-100109:470:0000:0000% 0
Andreas AthanasiouC/LW/RW1121022014:532:1700:00067% 3
Anthony CirelliC000-1001010:430:0000:56043% 7
Colton WhiteD011-1011012:540:0000:0000% 0
Dawson MercerC0111010020:052:1705:12052% 21
Dmitrij JaskinLW/RW1011417021:423:4336:23038% 13
Eeli TolvanenLW/RW000-121009:460:0000:0000% 0
Ethan BearD0111212023:123:2717:4100% 0
Evgeny SvechnikovRW000001107:052:1710:0000% 0
Jonas SiegenthalerD000-1031017:360:0004:4200% 0
Kevin HayesC/LW/RW0111025020:463:4315:260100% 1
Logan BrownC000001004:480:0000:00017% 6
Mattias JanmarkC/LW/RW000000017:280:0002:400100% 1
Nick LeddyD0111032325:033:2729:3100% 0
Nick PerbixD0001201220:382:3314:1700% 0
Nikita ZadorovD0001621020:322:3314:1200% 0
Noah CatesLW1121221012:350:0000:00067% 3
Sam BennettC/LW1121013023:103:4317:50048% 23
COLORADO Avalanche
Player Name POS G A P +/- PIM HIT SHT SB MP PP MP PP SHT PK MP PK SHT FO% FOT
Adam RuzickaC000000008:290:0000:0000% 3
Alexander WennbergC000-2002120:397:3900:58048% 21
Anthony ManthaLW/RW000-1020016:577:3300:0000% 0
Anze KopitarC000-2002013:320:0000:000100% 1
Artemi PanarinLW000-2003020:397:3910:58067% 3
Brenden DillonD011-1431125:316:3311:1600% 0
Claude GirouxC/LW/RW000-1022020:267:3323:29061% 28
Dan RenoufD000100003:441:1500:5000% 0
Glenn GawdinC/LW000001006:100:0000:0000% 0
Jeff Petry D0110221025:358:0912:2000% 0
Johnny GaudreauLW000-1012026:167:3304:39017% 12
Martin FrkRW1122012016:327:3900:0000% 0
Maxime ComtoisLW1012212011:110:0000:0000% 0
Nikita TryamkinD0001000114:320:0002:5300% 0
Noah DobsonD000-2001324:547:4012:0100% 0
Oliver KylingtonD011-1001025:416:4702:3900% 0
Philip TomasinoC1232015011:120:0000:00090% 10
Sebastien ReppoRW000000000:000:0000:0000% 0



Play-by-Play

1st period


0:01 of 1st period - Sam Bennett wins face-off versus Johnny Gaudreau in neutral zone.
0:20 of 1st period - Shot by Dmitrij Jaskin.
0:20 of 1st period - Goal by Dmitrij Jaskin - WINNIPEG Jets : 1 - COLORADO Avalanche : 0.
0:21 of 1st period - Dawson Mercer wins face-off versus Alexander Wennberg in neutral zone.
0:32 of 1st period - Shot by Dawson Mercer.
0:32 of 1st period - Deflect By Noah Cates.
0:32 of 1st period - Goal by Noah Cates - WINNIPEG Jets : 2 - COLORADO Avalanche : 0.
0:33 of 1st period - Philip Tomasino wins face-off versus Anthony Cirelli in neutral zone.
1:03 of 1st period - Shot by Martin Frk.
1:03 of 1st period - Goal by Martin Frk - WINNIPEG Jets : 2 - COLORADO Avalanche : 1.
1:04 of 1st period - Noah Cates wins face-off versus Artemi Panarin in neutral zone.
1:51 of 1st period - Minor Penalty to Nikita Zadorov for Holding.
1:52 of 1st period - Claude Giroux wins face-off versus Dmitrij Jaskin in WINNIPEG Jets zone.
2:01 of 1st period - Shot by Johnny Gaudreau.
2:01 of 1st period - Shot Misses the Net.
2:08 of 1st period - Icing by Claude Giroux.
2:09 of 1st period - Claude Giroux wins face-off versus Dmitrij Jaskin in COLORADO Avalanche zone.
2:39 of 1st period - Shot by Brenden Dillon.
2:39 of 1st period - Stopped by Ukko-Pekka Luukkonen without a rebound.
2:40 of 1st period - Alexander Wennberg wins face-off versus Dmitrij Jaskin in WINNIPEG Jets zone.
3:52 of 1st period - Claude Giroux is hit by Jonas Siegenthaler and loses puck.
4:22 of 1st period - Shot by Colton White.
4:22 of 1st period - Stopped by Braden Holtby without a rebound.
4:23 of 1st period - Sam Bennett wins face-off versus Claude Giroux in COLORADO Avalanche zone.
4:31 of 1st period - Icing by Jeff Petry .
4:32 of 1st period - Sam Bennett wins face-off versus Johnny Gaudreau in COLORADO Avalanche zone.
4:41 of 1st period - Shot by Kevin Hayes.
4:41 of 1st period - Stopped by Braden Holtby without a rebound.
4:42 of 1st period - Alexander Wennberg wins face-off versus Sam Bennett in COLORADO Avalanche zone.
4:49 of 1st period - Shot by Artemi Panarin.
4:49 of 1st period - Shot Misses the Net.
5:10 of 1st period - Shot by Artemi Panarin.
5:10 of 1st period - Shot Misses the Net.
5:51 of 1st period - Shot by Philip Tomasino.
5:51 of 1st period - Goal by Philip Tomasino - WINNIPEG Jets : 2 - COLORADO Avalanche : 2.
5:52 of 1st period - Noah Cates wins face-off versus Claude Giroux in neutral zone.
6:44 of 1st period - Anthony Cirelli is hit by Anthony Mantha and loses puck.
7:00 of 1st period - Shot by Alexei Toropchenko.
7:00 of 1st period - Stopped by Braden Holtby without a rebound.
7:01 of 1st period - Philip Tomasino wins face-off versus Logan Brown in COLORADO Avalanche zone.
7:08 of 1st period - Shot by Philip Tomasino.
7:08 of 1st period - Stopped by Ukko-Pekka Luukkonen without a rebound.
7:09 of 1st period - Philip Tomasino wins face-off versus Logan Brown in WINNIPEG Jets zone.
7:13 of 1st period - Maxime Comtois is hit by Jonas Siegenthaler and loses puck.
7:16 of 1st period - Shot by Martin Frk.
7:16 of 1st period - Shot Misses the Net.
7:20 of 1st period - Shot by Philip Tomasino.
7:20 of 1st period - Stopped by Ukko-Pekka Luukkonen without a rebound.
7:21 of 1st period - Alexander Wennberg wins face-off versus Sam Bennett in WINNIPEG Jets zone.
7:30 of 1st period - Shot by Artemi Panarin.
7:30 of 1st period - Stopped by Ukko-Pekka Luukkonen without a rebound.
7:31 of 1st period - Philip Tomasino wins face-off versus Anthony Cirelli in WINNIPEG Jets zone.
7:33 of 1st period - Minor Penalty to Ethan Bear for Roughing.
7:34 of 1st period - Dmitrij Jaskin wins face-off versus Alexander Wennberg in WINNIPEG Jets zone.
7:49 of 1st period - Icing by Artemi Panarin.
7:50 of 1st period - Alexander Wennberg wins face-off versus Dmitrij Jaskin in COLORADO Avalanche zone.
8:01 of 1st period - Shot by Noah Dobson.
8:01 of 1st period - Stopped by Ukko-Pekka Luukkonen without a rebound.
8:02 of 1st period - Dmitrij Jaskin wins face-off versus Claude Giroux in WINNIPEG Jets zone.
8:50 of 1st period - Oliver Kylington is hit by Sam Bennett.
10:18 of 1st period - Shot by Philip Tomasino.
10:18 of 1st period - Deflect By Maxime Comtois.
10:18 of 1st period - Stopped by Ukko-Pekka Luukkonen with a rebound.
10:20 of 1st period - Shot by Oliver Kylington.
10:20 of 1st period - Stopped by Ukko-Pekka Luukkonen without a rebound.
10:21 of 1st period - Logan Brown wins face-off versus Alexander Wennberg in WINNIPEG Jets zone.
10:23 of 1st period - Icing by Nick Perbix.
10:24 of 1st period - Alexander Wennberg wins face-off versus Logan Brown in WINNIPEG Jets zone.
11:04 of 1st period - Noah Dobson is hit by Evgeny Svechnikov and loses puck.
11:16 of 1st period - Minor Penalty to Dmitrij Jaskin for Hooking.
11:17 of 1st period - Anthony Cirelli wins face-off versus Claude Giroux in WINNIPEG Jets zone.
13:05 of 1st period - Shot by Claude Giroux.
13:05 of 1st period - Deflect By Anthony Mantha.
13:05 of 1st period - Shot Misses the Net.
13:07 of 1st period - Shot by Oliver Kylington.
13:07 of 1st period - Shot Misses the Net.
13:28 of 1st period - Maxime Comtois is hit by Colton White and loses puck.
13:43 of 1st period - Shot by Maxime Comtois.
13:43 of 1st period - Goal by Maxime Comtois - WINNIPEG Jets : 2 - COLORADO Avalanche : 3.
13:44 of 1st period - Anthony Cirelli wins face-off versus Alexander Wennberg in neutral zone.
13:57 of 1st period - Shot by Artemi Panarin.
13:57 of 1st period - Stopped by Ukko-Pekka Luukkonen without a rebound.
13:58 of 1st period - Dawson Mercer wins face-off versus Adam Ruzicka in WINNIPEG Jets zone.
13:58 of 1st period - Dawson Mercer is hit by Glenn Gawdin.
14:01 of 1st period - Icing by Andreas Athanasiou.
14:02 of 1st period - Philip Tomasino wins face-off versus Dawson Mercer in WINNIPEG Jets zone.
14:11 of 1st period - Icing by Nikita Zadorov.
14:12 of 1st period - Andreas Athanasiou wins face-off versus Alexander Wennberg in WINNIPEG Jets zone.
14:48 of 1st period - Shot by Alexander Wennberg.
14:48 of 1st period - Stopped by Ukko-Pekka Luukkonen without a rebound.
14:49 of 1st period - Sam Bennett wins face-off versus Claude Giroux in WINNIPEG Jets zone.
14:57 of 1st period - Shot by Dmitrij Jaskin.
14:57 of 1st period - Stopped by Braden Holtby with a rebound.
14:59 of 1st period - Shot by Kevin Hayes.
14:59 of 1st period - Stopped by Braden Holtby without a rebound.
15:00 of 1st period - Sam Bennett wins face-off versus Claude Giroux in COLORADO Avalanche zone.
15:13 of 1st period - Shot by Dmitrij Jaskin.
15:13 of 1st period - Shot Misses the Net.
15:16 of 1st period - Minor Penalty to Jeff Petry for High sticking.
15:17 of 1st period - Andreas Athanasiou wins face-off versus Johnny Gaudreau in COLORADO Avalanche zone.
15:19 of 1st period - Minor Penalty to Brenden Dillon for Tripping.
15:20 of 1st period - Johnny Gaudreau wins face-off versus Sam Bennett in COLORADO Avalanche zone.
15:20 of 1st period - Johnny Gaudreau is hit by Dmitrij Jaskin.
15:31 of 1st period - Kevin Hayes is hit by Johnny Gaudreau and loses puck.
15:59 of 1st period - Shot by Dmitrij Jaskin.
15:59 of 1st period - Shot Hit the Post.
16:01 of 1st period - Shot by Dmitrij Jaskin.
16:01 of 1st period - Stopped by Braden Holtby without a rebound.
16:02 of 1st period - Dawson Mercer wins face-off versus Johnny Gaudreau in COLORADO Avalanche zone.
16:03 of 1st period - Shot by Andreas Athanasiou.
16:03 of 1st period - Shot Blocked by Noah Dobson.
16:26 of 1st period - Shot by Nikita Zadorov.
16:26 of 1st period - Stopped by Braden Holtby with a rebound.
16:36 of 1st period - Shot by Nick Perbix.
16:36 of 1st period - Stopped by Braden Holtby without a rebound.
16:37 of 1st period - Sam Bennett wins face-off versus Claude Giroux in COLORADO Avalanche zone.
16:42 of 1st period - Shot by Dmitrij Jaskin.
16:42 of 1st period - Shot Misses the Net.
16:44 of 1st period - Shot by Dmitrij Jaskin.
16:44 of 1st period - Stopped by Braden Holtby without a rebound.
16:45 of 1st period - Claude Giroux wins face-off versus Sam Bennett in COLORADO Avalanche zone.
17:04 of 1st period - Shot by Sam Bennett.
17:04 of 1st period - Deflect By Dmitrij Jaskin.
17:04 of 1st period - Stopped by Braden Holtby with a rebound.
17:08 of 1st period - Shot by Dmitrij Jaskin.
17:08 of 1st period - Shot Misses the Net.
17:10 of 1st period - Shot by Ethan Bear.
17:10 of 1st period - Stopped by Braden Holtby without a rebound.
17:11 of 1st period - Dawson Mercer wins face-off versus Claude Giroux in COLORADO Avalanche zone.
17:45 of 1st period - Oliver Kylington is hit by Eeli Tolvanen and loses puck.
18:38 of 1st period - Shot by Kevin Hayes.
18:38 of 1st period - Stopped by Braden Holtby without a rebound.
18:39 of 1st period - Claude Giroux wins face-off versus Dawson Mercer in COLORADO Avalanche zone.
18:54 of 1st period - Shot by Johnny Gaudreau.
18:54 of 1st period - Shot Misses the Net.
19:42 of 1st period - Shot by Artemi Panarin.
19:42 of 1st period - Shot Misses the Net.
19:54 of 1st period - Shot by Anze Kopitar.
19:54 of 1st period - Stopped by Ukko-Pekka Luukkonen with a rebound.
19:56 of 1st period - Shot by Noah Dobson.
19:56 of 1st period - Shot Blocked by Nick Perbix.
Goals for this period are 2 for WINNIPEG Jets vs 3 for COLORADO Avalanche .
Shots for this period are 14 for WINNIPEG Jets vs 13 for COLORADO Avalanche .

2nd period


0:01 of 2nd period - Claude Giroux wins face-off versus Sam Bennett in neutral zone.
0:18 of 2nd period - Shot by Johnny Gaudreau.
0:18 of 2nd period - Shot Misses the Net.
0:32 of 2nd period - Shot by Dmitrij Jaskin.
0:32 of 2nd period - Deflect By Sam Bennett.
0:32 of 2nd period - Shot Misses the Net.
0:34 of 2nd period - Shot by Dmitrij Jaskin.
0:34 of 2nd period - Stopped by Braden Holtby without a rebound.
0:35 of 2nd period - Philip Tomasino wins face-off versus Dawson Mercer in COLORADO Avalanche zone.
0:35 of 2nd period - Philip Tomasino is hit by Andreas Athanasiou.
1:21 of 2nd period - Nick Perbix is hit by Philip Tomasino and loses puck.
1:25 of 2nd period - Icing by Nikita Zadorov.
1:26 of 2nd period - Claude Giroux wins face-off versus Dawson Mercer in WINNIPEG Jets zone.
1:45 of 2nd period - Shot by Anthony Mantha.
1:45 of 2nd period - Shot Misses the Net.
1:48 of 2nd period - Icing by Nikita Zadorov.
1:49 of 2nd period - Dawson Mercer wins face-off versus Alexander Wennberg in WINNIPEG Jets zone.
2:08 of 2nd period - Icing by Dmitrij Jaskin.
2:09 of 2nd period - Sam Bennett wins face-off versus Claude Giroux in WINNIPEG Jets zone.
2:09 of 2nd period - Sam Bennett is hit by Claude Giroux.
2:14 of 2nd period - Off-side.
2:15 of 2nd period - Sam Bennett wins face-off versus Claude Giroux in neutral zone.
2:17 of 2nd period - Ethan Bear is hit by Anthony Mantha and loses puck.
2:48 of 2nd period - Shot by Sam Bennett.
2:48 of 2nd period - Shot Misses the Net.
2:50 of 2nd period - Shot by Dmitrij Jaskin.
2:50 of 2nd period - Shot Misses the Net.
3:13 of 2nd period - Oliver Kylington is hit by Jonas Siegenthaler and loses puck.
3:58 of 2nd period - Noah Dobson is hit by Nikita Zadorov and loses puck.
4:00 of 2nd period - Minor Penalty to Nick Perbix for Tripping.
4:01 of 2nd period - Dmitrij Jaskin wins face-off versus Alexander Wennberg in WINNIPEG Jets zone.
4:40 of 2nd period - Ethan Bear is hit by Jeff Petry and loses puck.
5:02 of 2nd period - Icing by Claude Giroux.
5:03 of 2nd period - Claude Giroux wins face-off versus Dawson Mercer in COLORADO Avalanche zone.
5:21 of 2nd period - Johnny Gaudreau is hit by Nick Leddy and loses puck.
5:58 of 2nd period - Shot by Jeff Petry .
5:58 of 2nd period - Stopped by Ukko-Pekka Luukkonen without a rebound.
5:59 of 2nd period - Claude Giroux wins face-off versus Dmitrij Jaskin in WINNIPEG Jets zone.
6:00 of 2nd period - Shot by Anthony Mantha.
6:00 of 2nd period - Shot Misses the Net.
6:51 of 2nd period - Oliver Kylington is hit by Nikita Zadorov and loses puck.
7:09 of 2nd period - Off-side.
7:10 of 2nd period - Alexander Wennberg wins face-off versus Sam Bennett in neutral zone.
7:25 of 2nd period - Shot by Kevin Hayes.
7:25 of 2nd period - Shot Misses the Net.
7:51 of 2nd period - Shot by Kevin Hayes.
7:51 of 2nd period - Deflect By Sam Bennett.
7:51 of 2nd period - Goal by Sam Bennett - WINNIPEG Jets : 3 - COLORADO Avalanche : 3.
7:52 of 2nd period - Philip Tomasino wins face-off versus Dawson Mercer in neutral zone.
7:52 of 2nd period - Maxime Comtois is hit by Andreas Athanasiou and loses puck.
8:02 of 2nd period - Jonas Siegenthaler is hit by Maxime Comtois and loses puck.
8:27 of 2nd period - Shot by Andreas Athanasiou.
8:27 of 2nd period - Stopped by Braden Holtby with a rebound.
8:29 of 2nd period - Shot by Andreas Athanasiou.
8:29 of 2nd period - Goal by Andreas Athanasiou - WINNIPEG Jets : 4 - COLORADO Avalanche : 3.
8:30 of 2nd period - Claude Giroux wins face-off versus Logan Brown in neutral zone.
8:45 of 2nd period - Shot by Anthony Mantha.
8:45 of 2nd period - Deflect By Johnny Gaudreau.
8:45 of 2nd period - Stopped by Ukko-Pekka Luukkonen without a rebound.
8:46 of 2nd period - Sam Bennett wins face-off versus Alexander Wennberg in WINNIPEG Jets zone.
9:09 of 2nd period - Shot by Artemi Panarin.
9:09 of 2nd period - Shot Misses the Net.
9:11 of 2nd period - Shot by Anze Kopitar.
9:11 of 2nd period - Stopped by Ukko-Pekka Luukkonen with a rebound.
9:23 of 2nd period - Shot by Kevin Hayes.
9:23 of 2nd period - Shot Misses the Net.
10:11 of 2nd period - Shot by Noah Cates.
10:11 of 2nd period - Shot Misses the Net.
10:35 of 2nd period - Martin Frk is hit by Nick Leddy and loses puck.
10:42 of 2nd period - Shot by Maxime Comtois.
10:42 of 2nd period - Shot Misses the Net.
10:46 of 2nd period - Shot by Martin Frk.
10:46 of 2nd period - Shot Misses the Net.
10:48 of 2nd period - Shot by Philip Tomasino.
10:48 of 2nd period - Deflect By Martin Frk.
10:48 of 2nd period - Shot Misses the Net.
10:50 of 2nd period - Shot by Maxime Comtois.
10:50 of 2nd period - Deflect By Martin Frk.
10:50 of 2nd period - Shot Misses the Net.
10:52 of 2nd period - Shot by Oliver Kylington.
10:52 of 2nd period - Shot Hit the Post.
10:55 of 2nd period - Philip Tomasino is hit by Ethan Bear and loses puck.
11:16 of 2nd period - Icing by Ethan Bear.
11:17 of 2nd period - Dawson Mercer wins face-off versus Adam Ruzicka in WINNIPEG Jets zone.
11:28 of 2nd period - Ethan Bear is hit by Brenden Dillon and loses puck.
11:52 of 2nd period - Shot by Alexei Toropchenko.
11:52 of 2nd period - Shot Blocked by Brenden Dillon.
12:04 of 2nd period - Shot by Alexei Toropchenko.
12:04 of 2nd period - Deflect By Eeli Tolvanen.
12:04 of 2nd period - Shot Misses the Net.
12:58 of 2nd period - Shot by Kevin Hayes.
12:58 of 2nd period - Stopped by Braden Holtby without a rebound.
12:59 of 2nd period - Alexander Wennberg wins face-off versus Logan Brown in COLORADO Avalanche zone.
13:18 of 2nd period - Shot by Oliver Kylington.
13:18 of 2nd period - Shot Misses the Net.
14:06 of 2nd period - Shot by Philip Tomasino.
14:06 of 2nd period - Stopped by Ukko-Pekka Luukkonen with a rebound.
14:14 of 2nd period - Shot by Martin Frk.
14:14 of 2nd period - Stopped by Ukko-Pekka Luukkonen without a rebound.
14:15 of 2nd period - Sam Bennett wins face-off versus Philip Tomasino in WINNIPEG Jets zone.
15:08 of 2nd period - Shot by Alexander Wennberg.
15:08 of 2nd period - Shot Misses the Net.
15:10 of 2nd period - Shot by Artemi Panarin.
15:10 of 2nd period - Shot Misses the Net.
15:14 of 2nd period - Shot by Anze Kopitar.
15:14 of 2nd period - Shot Blocked by Nick Leddy.
16:10 of 2nd period - Shot by Philip Tomasino.
16:10 of 2nd period - Stopped by Ukko-Pekka Luukkonen without a rebound.
16:11 of 2nd period - Anze Kopitar wins face-off versus Anthony Cirelli in WINNIPEG Jets zone.
17:06 of 2nd period - Anze Kopitar is hit by Logan Brown and loses puck.
17:38 of 2nd period - Shot by Noah Cates.
17:38 of 2nd period - Shot Misses the Net.
17:40 of 2nd period - Shot by Ethan Bear.
17:40 of 2nd period - Stopped by Braden Holtby without a rebound.
17:41 of 2nd period - Claude Giroux wins face-off versus Dawson Mercer in COLORADO Avalanche zone.
18:26 of 2nd period - Shot by Johnny Gaudreau.
18:26 of 2nd period - Stopped by Ukko-Pekka Luukkonen without a rebound.
18:27 of 2nd period - Philip Tomasino wins face-off versus Sam Bennett in WINNIPEG Jets zone.
18:37 of 2nd period - Minor Penalty to Maxime Comtois for Holding.
18:38 of 2nd period - Sam Bennett wins face-off versus Johnny Gaudreau in COLORADO Avalanche zone.
18:52 of 2nd period - Shot by Nick Perbix.
18:52 of 2nd period - Shot Misses the Net.
18:56 of 2nd period - Shot by Sam Bennett.
18:56 of 2nd period - Stopped by Braden Holtby without a rebound.
18:57 of 2nd period - Dawson Mercer wins face-off versus Johnny Gaudreau in COLORADO Avalanche zone.
19:14 of 2nd period - Shot by Andreas Athanasiou.
19:14 of 2nd period - Shot Blocked by Noah Dobson.
19:16 of 2nd period - Shot by Nick Leddy.
19:16 of 2nd period - Shot Blocked by Noah Dobson.
19:18 of 2nd period - Shot by Evgeny Svechnikov.
19:18 of 2nd period - Stopped by Braden Holtby without a rebound.
19:19 of 2nd period - Artemi Panarin wins face-off versus Sam Bennett in COLORADO Avalanche zone.
19:42 of 2nd period - Shot by Kevin Hayes.
19:42 of 2nd period - Stopped by Braden Holtby without a rebound.
19:43 of 2nd period - Dawson Mercer wins face-off versus Johnny Gaudreau in COLORADO Avalanche zone.
19:44 of 2nd period - Shot by Nick Leddy.
19:44 of 2nd period - Stopped by Braden Holtby without a rebound.
19:45 of 2nd period - Dawson Mercer wins face-off versus Johnny Gaudreau in COLORADO Avalanche zone.
19:46 of 2nd period - Shot by Nick Leddy.
19:46 of 2nd period - Stopped by Braden Holtby with a rebound.
19:48 of 2nd period - Shot by Ethan Bear.
19:48 of 2nd period - Deflect By Andreas Athanasiou.
19:48 of 2nd period - Shot Misses the Net.
Goals for this period are 2 for WINNIPEG Jets vs 0 for COLORADO Avalanche .
Shots for this period are 11 for WINNIPEG Jets vs 7 for COLORADO Avalanche .

3rd period


0:01 of 3rd period - Johnny Gaudreau wins face-off versus Sam Bennett in neutral zone.
0:06 of 3rd period - Shot by Johnny Gaudreau.
0:06 of 3rd period - Shot Misses the Net.
0:41 of 3rd period - Icing by Oliver Kylington.
0:42 of 3rd period - Alexander Wennberg wins face-off versus Andreas Athanasiou in COLORADO Avalanche zone.
0:42 of 3rd period - Alexander Wennberg is hit by Noah Cates.
1:11 of 3rd period - Icing by Jeff Petry .
1:12 of 3rd period - Alexander Wennberg wins face-off versus Anthony Cirelli in COLORADO Avalanche zone.
1:53 of 3rd period - Anthony Cirelli is hit by Brenden Dillon and loses puck.
2:10 of 3rd period - Noah Dobson is hit by Kevin Hayes and loses puck.
2:14 of 3rd period - Icing by Brenden Dillon.
2:15 of 3rd period - Claude Giroux wins face-off versus Dawson Mercer in COLORADO Avalanche zone.
2:15 of 3rd period - Claude Giroux is hit by Dawson Mercer.
3:28 of 3rd period - Icing by Jonas Siegenthaler.
3:29 of 3rd period - Artemi Panarin wins face-off versus Sam Bennett in WINNIPEG Jets zone.
4:18 of 3rd period - Minor Penalty to Brenden Dillon for Tripping.
4:19 of 3rd period - Dawson Mercer wins face-off versus Johnny Gaudreau in COLORADO Avalanche zone.
4:58 of 3rd period - Shot by Andreas Athanasiou.
4:58 of 3rd period - Shot Misses the Net.
5:07 of 3rd period - Off-side.
5:08 of 3rd period - Claude Giroux wins face-off versus Sam Bennett in neutral zone.
5:24 of 3rd period - Icing by Nick Perbix.
5:25 of 3rd period - Kevin Hayes wins face-off versus Johnny Gaudreau in WINNIPEG Jets zone.
5:30 of 3rd period - Nikita Zadorov is hit by Claude Giroux and loses puck.
6:27 of 3rd period - Shot by Alexander Wennberg.
6:27 of 3rd period - Stopped by Ukko-Pekka Luukkonen with a rebound.
7:18 of 3rd period - Colton White is hit by Martin Frk and loses puck.
7:28 of 3rd period - Icing by Brenden Dillon.
7:29 of 3rd period - Philip Tomasino wins face-off versus Noah Cates in COLORADO Avalanche zone.
7:29 of 3rd period - Minor Penalty to Noah Cates for Cross-checking.
7:30 of 3rd period - Claude Giroux wins face-off versus Dmitrij Jaskin in WINNIPEG Jets zone.
7:42 of 3rd period - Anthony Mantha is hit by Nick Leddy.
8:14 of 3rd period - Shot by Claude Giroux.
8:14 of 3rd period - Shot Blocked by Nick Leddy.
8:53 of 3rd period - Minor Penalty to Nikita Zadorov for Holding.
8:54 of 3rd period - Alexander Wennberg wins face-off versus Dmitrij Jaskin in WINNIPEG Jets zone.
8:59 of 3rd period - Shot by Artemi Panarin.
8:59 of 3rd period - Shot Blocked by Nick Leddy.
9:17 of 3rd period - Shot by Artemi Panarin.
9:17 of 3rd period - Stopped by Ukko-Pekka Luukkonen without a rebound.
9:18 of 3rd period - Claude Giroux wins face-off versus Dmitrij Jaskin in WINNIPEG Jets zone.
9:25 of 3rd period - Shot by Anthony Mantha.
9:25 of 3rd period - Shot Misses the Net.
9:27 of 3rd period - Shot by Jeff Petry .
9:27 of 3rd period - Shot Misses the Net.
9:29 of 3rd period - Shot by Jeff Petry .
9:29 of 3rd period - Shot Blocked by Nick Perbix.
10:38 of 3rd period - Shot by Claude Giroux.
10:38 of 3rd period - Shot Blocked by Mattias Janmark.
10:40 of 3rd period - Shot by Claude Giroux.
10:40 of 3rd period - Stopped by Ukko-Pekka Luukkonen without a rebound.
10:41 of 3rd period - Claude Giroux wins face-off versus Dawson Mercer in WINNIPEG Jets zone.
10:57 of 3rd period - Alexei Toropchenko is hit by Brenden Dillon and loses puck.
11:00 of 3rd period - Shot by Eeli Tolvanen.
11:00 of 3rd period - Shot Misses the Net.
11:02 of 3rd period - Shot by Jonas Siegenthaler.
11:02 of 3rd period - Stopped by Braden Holtby with a rebound.
11:04 of 3rd period - Shot by Colton White.
11:04 of 3rd period - Shot Misses the Net.
11:06 of 3rd period - Shot by Jonas Siegenthaler.
11:06 of 3rd period - Shot Blocked by Nikita Tryamkin.
11:08 of 3rd period - Shot by Alexei Toropchenko.
11:08 of 3rd period - Shot Blocked by Alexander Wennberg.
11:10 of 3rd period - Shot by Eeli Tolvanen.
11:10 of 3rd period - Shot Misses the Net.
11:12 of 3rd period - Shot by Jonas Siegenthaler.
11:12 of 3rd period - Shot Misses the Net.
11:14 of 3rd period - Shot by Anthony Cirelli.
11:14 of 3rd period - Stopped by Braden Holtby without a rebound.
11:15 of 3rd period - Dawson Mercer wins face-off versus Adam Ruzicka in COLORADO Avalanche zone.
12:26 of 3rd period - Shot by Sam Bennett.
12:26 of 3rd period - Stopped by Braden Holtby with a rebound.
12:43 of 3rd period - Off-side.
12:44 of 3rd period - Anthony Cirelli wins face-off versus Alexander Wennberg in neutral zone.
12:50 of 3rd period - Minor Penalty to Eeli Tolvanen for Delaying the game.
12:51 of 3rd period - Dmitrij Jaskin wins face-off versus Alexander Wennberg in WINNIPEG Jets zone.
12:51 of 3rd period - Dmitrij Jaskin is hit by Jeff Petry .
13:51 of 3rd period - Shot by Claude Giroux.
13:51 of 3rd period - Stopped by Ukko-Pekka Luukkonen without a rebound.
13:52 of 3rd period - Claude Giroux wins face-off versus Dawson Mercer in WINNIPEG Jets zone.
14:35 of 3rd period - Shot by Noah Dobson.
14:35 of 3rd period - Shot Misses the Net.
16:23 of 3rd period - Maxime Comtois is hit by Noah Cates and loses puck.
17:08 of 3rd period - Shot by Dmitrij Jaskin.
17:08 of 3rd period - Stopped by Braden Holtby without a rebound.
17:09 of 3rd period - Claude Giroux wins face-off versus Sam Bennett in COLORADO Avalanche zone.
17:09 of 3rd period - Anthony Mantha is hit by Kevin Hayes and loses puck.
17:46 of 3rd period - Shot by Kevin Hayes.
17:46 of 3rd period - Shot Misses the Net.
17:48 of 3rd period - Shot by Sam Bennett.
17:48 of 3rd period - Shot Misses the Net.
18:05 of 3rd period - Minor Penalty to Nikita Zadorov for Tripping.
18:06 of 3rd period - Dmitrij Jaskin wins face-off versus Alexander Wennberg in WINNIPEG Jets zone.
18:38 of 3rd period - Minor Penalty to Dmitrij Jaskin for High sticking.
18:39 of 3rd period - Mattias Janmark wins face-off versus Claude Giroux in WINNIPEG Jets zone.
19:03 of 3rd period - COLORADO Avalanche , Braden Holtby is pulled from the net.
Goals for this period are 0 for WINNIPEG Jets vs 0 for COLORADO Avalanche .
Shots for this period are 4 for WINNIPEG Jets vs 4 for COLORADO Avalanche .